 Dungeon Crawl Stone Soup version 0.20.1-1-g8b1a95d (webtiles) character file.

62 Monsterracer the Insei (level 3, 0/26 HPs)
             Began as a Demonspawn Transmuter on July 11, 2017.
             Succumbed to an adder's poison
             ... on level 2 of the Dungeon.
             The game lasted 00:04:22 (1712 turns).

Monsterracer the Insei (Demonspawn Transmuter)      Turns: 1712, Time: 00:04:23

Health: 0/26       AC:  2    Str: 10    XL:     3   Next: 85%
Magic:  6/6        EV: 17    Int: 15    God:
Gold:   92         SH:  0    Dex: 18    Spells: 0/6 levels left

rFire    . . .     SeeInvis .     - Unarmed
rCold    . . .     Gourm    .   (no shield)
rNeg     . . .     Faith    .   b - +0 robe
rPois    .         Spirit   .   (helmet restricted)
rElec    .         Reflect  .   (no cloak)
rCorr    .         Harm     .   (no gloves)
MR       .....                  (boots currently unavailable)
Stlth    +++.......             (no amulet)
Regen    0.1/turn               (no ring)
MPRegen  0.1/turn               (no ring)

@: agile, lethally poisoned (0 -> -5), appendage (expiring)
A: horns 1, talons 3
a: End Transformation


You were on level 2 of the Dungeon.
You were not hungry.
You had grown temporary talons.
You visited 1 branch of the dungeon, and saw 3 of its levels.

You collected 92 gold pieces.

Inventory:

Missiles
 a - 27 arrows
Armour
 b - a +0 robe (worn)
Scrolls
 e - 2 scrolls of identify {unknown}
 g - 2 scrolls of remove curse {unknown}
 h - a scroll of random uselessness {unknown}
 i - a scroll of recharging {unknown}
 j - 3 scrolls of teleportation {unknown}
Potions
 f - a potion of might
Books
 c - a book of Changes

   Spells                             Type                      Level
   a - Beastly Appendage              Transmutation                1
   b - Sticks to Snakes               Transmutation                2
   c - Spider Form                    Transmutation/Poison         3
   d - Ice Form                       Ice/Transmutation            4
   e - Blade Hands                    Transmutation                5
Comestibles
 d - 2 bread rations
 l - a meat ration


   Skills:
 - Level 1.0 Fighting
 - Level 1.7 Dodging
 * Level 3.9 Unarmed Combat
 + Level 2.2 Spellcasting
 + Level 2.3 Transmutations


You couldn't memorise any spells.
You knew the following spells:

 Your Spells              Type           Power        Failure   Level  Hunger
a - Beastly Appendage     Tmut           #.....       9%          1    #......
b - Sticks to Snakes      Tmut           #.......     12%         2    ###....
c - Spider Form           Tmut/Pois      #.........   38%         3    ###....


Dungeon Overview and Level Annotations

Branches:
Dungeon (3/15)

Altars:
Nemelex Xobeh


Innate Abilities, Weirdness & Mutations

You have a pair of small horns on your head.
You have claws for feet.


Message History

You hit the adder.
You headbutt the adder, but do no damage.
The adder is almost dead.
The adder bites you.
* * * LOW HITPOINT WARNING * * *
The adder bites you but does no damage.
Huge Dmg: -15%(-4hp) hp: 12%(3hp)
You miss the adder.
The adder is almost dead.
* * * LOW HITPOINT WARNING * * *
You feel sick. The adder misses you.
Huge Dmg: -4%(-1hp) hp: 8%(2hp)
You hit the adder.
You kill the adder!
* * * LOW HITPOINT WARNING * * *
You feel sick.
Things that are here:
an adder corpse; a goblin corpse; Huge Dmg: -4%(-1hp) hp: 4%(1hp)
Found a whip.
You die...

########
.....(.#######
.............# # #
#...#####.#########
#.#>.................
#.#.#.##########.####
#..#†##### #.#
####.#.#.....# #.#
.......@...#.# #.#
P.##.).###.# #.# #..#
.# #.# #.. .# #.# ...
# ###. . ## #.####


There were no monsters in sight!

Vanquished Creatures
  2 adders (D:2)
  An ooze (D:2)
  A dart slug (D:3)
  2 leopard geckos
  A giant cockroach (D:1)
  6 goblins
  5 hobgoblins (D:1)
  5 kobolds (D:1)
  A quokka (D:3)
  6 bats
  3 frilled lizards (D:1)
  2 rats
35 creatures vanquished.

Notes
Turn   | Place    | Note
-------+----------+-------------------------------------------
     0 | D:1      | Monsterracer the Demonspawn Transmuter began the quest for the Orb.
     0 | D:1      | Reached XP level 1. HP: 15/15 MP: 3/3
   208 | D:1      | Reached skill level 3 in Unarmed Combat
   277 | D:1      | Mutation became permanent: You have a pair of small horns on your head. [demonic ancestry]
   277 | D:1      | Gained mutation: You have a pair of horns on your head. [demonic ancestry]
   277 | D:1      | Reached XP level 2. HP: 9/21 MP: 3/5
   281 | D:1      | Learned a level 2 spell: Sticks to Snakes
   560 | D:1      | Found a sparkling altar of Nemelex Xobeh.
   910 | D:2      | Reached XP level 3. HP: 25/26 MP: 4/6
   939 | D:2      | Learned a level 3 spell: Spider Form
  1709 | D:2      | HP: 1/26 [poisoned by an adder]
  1712 | D:2      | Succumbed to an adder's poison

Skill      XL: |  1 |
---------------+----+-----
Unarmed Combat | 3 |  3.9
Transmutations | 2 |  2.3
Fighting       | |  1.0
Dodging        | |  1.7
Spellcasting   | |  2.2

Action                   || total
-------------------------++-------
Melee: Unarmed           ||   132
       Headbutt          ||    13
       Kick              ||    14
 Cast: Beastly Appendage ||    24
       Spider Form       ||     1
  Use: Potion            ||     3
 Stab: Sleeping          ||     1
  Eat: Chunk             ||     3
Armor: Robe              ||    31
Dodge: Dodged            ||   108
